 Dungeon Crawl Stone Soup version 0.29-a0-901-g46a8461d6a (webtiles) character file.

Game seed: 2542604229385018925

8358 gruber the Frost Mage (level 11, -4/86 HPs)
             Began as a Grey Draconian Ice Elementalist on July 23, 2022.
             Was a Priest of Vehumet.
             Killed from afar by an acid dragon (17 damage)
             ... with a splash of acid
             ... on level 11 of the Dungeon.
             The game lasted 00:15:50 (12068 turns).

gruber the Frost Mage (DrIE)                       Turns: 12068, Time: 00:15:50

Health: -4/86      AC:  9    Str: 10    XL:     11   Next: 8%
Magic:  11/21      EV: 14    Int: 20    God:    Vehumet [***...]
Gold:   385        SH:  0    Dex: 12    Spells: 13/24 levels left

rFire   . . .      SeeInvis .   y - +2 rapier (venom)
rCold   . . .      Faith    .   (no shield)
rNeg    . . .      Spirit   .   (body armour unavailable)
rPois   .          Reflect  .   (helmet restricted)
rElec   .          Harm     .   N - +0 cloak {Will+}
rCorr   .          Rampage  .   (no gloves)
Will    ++...                   (no boots)
Stlth   ++........              (no amulet)
HPRegen 0.24/turn               I - ring of wizardry
MPRegen 0.17/turn               G - ring of willpower

@: corroded
A: AC +12, amphibious, unfitting armour, cold-blooded
a: Renounce Religion


You were on level 11 of the Dungeon.
You worshipped Vehumet.
Vehumet was most pleased with you.
You visited 2 branches of the dungeon, and saw 12 of its levels.
You also visited: Ossuary.

You collected 385 gold pieces.

Inventory:

Hand Weapons
 y - a +2 rapier of venom (weapon)
Missiles
 z - 5 curare-tipped darts
Armour
 N - a +0 cloak of willpower (worn)
Jewellery
 i - a ring of ice
 x - a ring of resist corrosion
 G - a ring of willpower (right hand)
 I - a ring of wizardry (left hand)
 J - a +4 ring of evasion
 O - a +6 ring of dexterity
Wands
 h - a wand of charming (11)
 l - a wand of roots (20)
 w - a wand of light (12)
 B - a wand of mindburst (8)
 C - a wand of polymorph (13)
 F - a wand of digging (4)
 L - a wand of flame (10)
Scrolls
 c - 14 scrolls of identify {unknown}
 f - 5 scrolls of fog {unknown}
 j - a scroll of fear {unknown}
 k - 4 scrolls of enchant armour {unknown}
 n - a scroll of summoning {unknown}
 o - 6 scrolls of blinking {unknown}
 p - 2 scrolls of poison {unknown}
 r - 6 scrolls of teleportation {unknown}
 u - 2 scrolls of enchant weapon {unknown}
 v - a scroll of vulnerability {unknown}
 D - 2 scrolls of immolation {unknown}
 H - a scroll of acquirement {unknown}
Potions
 a - 4 potions of magic
 b - 3 potions of might
 d - a potion of heal wounds {unknown}
 e - 3 potions of brilliance {unknown}
 g - 3 potions of mutation {unknown}
 m - 6 potions of curing
 q - 3 potions of haste {unknown}
 s - 3 potions of degeneration {unknown}
 t - a potion of berserk rage {unknown}
 A - 3 potions of lignification {unknown}
 E - 3 potions of attraction {unknown}
 K - 3 potions of flight {unknown}
 M - 2 potions of ambrosia {unknown}


   Skills:
 - Level 5.0 Fighting
 - Level 7.1 Dodging
 - Level 1.7 Stealth
 - Level 7.0 Spellcasting
 - Level 5.2 Conjurations
 * Level 12.3 Ice Magic
 - Level 0.1 Evocations


You had 13 spell levels left.
You knew the following spells:

 Your Spells              Type           Power      Damage    Failure   Level
a - Freeze                Ice            100%       1d11      1%          1
b - Frozen Ramparts       Ice            100%       1d12      1%          3
c - Ozocubu's Armour      Ice            54%        N/A       1%          3
d - Hailstorm             Conj/Ice       42%        3d10      1%          4

Your spell library contained the following spells:

 Spells                   Type           Power      Damage    Failure   Level
 Scorch                   Fire           14%        2d6       1%          2
 Apportation              Tloc           14%        N/A       4%          1
 Beastly Appendage        Tmut           14%        N/A       4%          1
 Necrotise                Necr           28%        1d5       4%          1
 Summon Small Mammal      Summ           28%        N/A       4%          1
 Wereblood                Tmut           7%         N/A       6%          2
 Call Canine Familiar     Summ           7%         N/A       12%         3
 Confusing Touch          Hex            7%         N/A       12%         3
 Gell's Gravitas          Tloc           7%         N/A       12%         3
 Portal Projectile        Hex/Tloc       14%        N/A       12%         3
 Spider Form              Tmut/Pois      7%         N/A       12%         3
 Teleport Other           Tloc           7%         N/A       12%         3
 Yara's Violent Unravell  Hex/Tmut       3%         3d4       26%         5
 Leda's Liquefaction      Hex/Erth       3%         N/A       34%         4
 Dispersal                Tloc           3%         N/A       99%         6
 Enfeeble                 Hex            3%         N/A       100%        7


Dungeon Overview and Level Annotations

Branches:
Dungeon (11/15)            Temple (1/1) D:5         Ossuary (visited)
   Lair: D:8-11         Orc: D:9-12

Altars:
Ashenzari
Cheibriados
Elyvilon
Fedhas
Gozag
Kikubaaqudgha
Nemelex Xobeh
Qazlal
Ru
Sif Muna
Trog
Uskayaw
Vehumet
Wu Jian
Xom
Zin
The Shining One

Shops:
D:6 *   D:11 [

Annotations:
D:5 3 runed translucent doors, AmberJosephineTwo's ghost, novice MeCK


Innate Abilities, Weirdness & Mutations

Your dull iron-grey scales are very hard. (AC +12)
You are amphibious.
You cannot fit into any form of body armour.
You are cold-blooded and may be slowed by cold attacks.


Message History

An orc is nearby!
You are too injured to fight recklessly!
You are too injured to fight recklessly!
You hit the orc.
The orc is poisoned.
You punch the orc, but do no damage.
The orc is almost dead.
Your icy armour starts to melt.
The orc completely misses you. The orc misses you.
You hit the orc.
You kill the orc!
Vehumet accepts your kill.
Your icy armour cracks and falls away as you move.
m - 7 lumpy emerald potions (gained 2)
Things that are here:
a +0 hand axe; a +0 leather armour; an orc corpse A kobold demonologist comes into view.
It is wielding a +0 dagger.
A kobold demonologist is nearby!
A kobold demonologist is nearby!
An orc warrior comes into view. It is wielding a +0 flail.
The orc warrior shouts!
The orc warrior closely misses you.
The orc warrior attacks as you move away!
The orc warrior hits you with a +0 flail!
* * * LOW HITPOINT WARNING * * *
An acid dragon comes into view.
The orc warrior unwields a +0 flail.
The orc warrior wields a +0 arbalest.
The orc warrior shoots a bolt.
The bolt closely misses you.
The acid dragon roars!
The acid dragon spits acid at you. The splash of acid hits you.
* * * LOW HITPOINT WARNING * * *
The acid corrodes you!
The orc warrior shoots a bolt.
The bolt closely misses you.
You hear a shout!
Unknown command.
Unknown command.
It was a potion of curing.
You feel better.
An orc wizard comes into view. It is wielding a +1 dagger of draining.
The acid dragon spits acid at you. The splash of acid hits you!
You die...

#.#.##########..#
# #. .... #o.#
#.#.###### #..# #
# .. #.#.D#
.##.#.#..#
#.∩#.#.#..#
###.#.#.## #.#.#
## # #@# .. #.#
###########.#
.....K)).)o.#
....######### .


You could see an orc warrior, an acid dragon (catching breath) and an orc
wizard.

Vanquished Creatures
  2 two-headed ogres
  Maurice (D:8)
  2 unseen horrors
  A hornet (D:9)
  A wyvern (D:9)
  10 yaks
  Edmund (D:4)
  An acid dragon (D:11)
  Duvessa (D:4)
  2 water moccasins (D:9)
  2 ice beasts
  3 orc warriors
  3 hornet zombies (Ossuary)
  An ogre (D:4)
  A centaur (D:7)
  2 phantoms
  2 kobold brigands
  A bullfrog (D:8)
  2 necrophages
  2 gnoll sergeants
  A water moccasin zombie (Ossuary)
  2 scorpions
  2 wyvern zombies (Ossuary)
  4 wights (D:9)
  Dowan (D:4)
  5 killer bees (D:9)
  10 bullfrog zombies (Ossuary)
  2 howler monkeys
  5 centaur zombies (Ossuary)
  A jelly (D:8)
  5 orc priests
  4 hounds
  Natasha (thrice) (D:2)
  3 iguanas
  7 orc wizards
  4 killer bee zombies (Ossuary)
  11 mummies (Ossuary)
  15 gnolls
  6 adders
  2 dart slugs
  30 orcs
  4 endoplasms
  5 giant cockroaches
  5 goblins
  4 hobgoblins
  19 kobolds
  8 quokkas
  11 ball pythons
  6 bats
  A frilled lizard (D:3)
  4 rats
231 creatures vanquished.

Vanquished Creatures (others)
  8 fungi (D:8)
  4 withered plants (Ossuary)
12 creatures vanquished.

Grand Total: 243 creatures vanquished

Notes
Turn   | Place    | Note
-------+----------+-------------------------------------------
     0 | D:1      | gruber the Draconian Ice Elementalist began the quest for
                  | the Orb.
     0 | D:1      | Reached XP level 1. HP: 14/14 MP: 3/3
   213 | D:1      | Reached XP level 2. HP: 20/20 MP: 5/5
   492 | D:1      | Found a faded altar of an unknown god.
  1012 | D:2      | Reached XP level 3. HP: 24/26 MP: 1/6
  1016 | D:2      | Learned a level 3 spell: Frozen Ramparts
  1210 | D:2      | Noticed Natasha
  1214 | D:2      | Killed Natasha
  1281 | D:2      | Reached skill level 5 in Ice Magic
  1802 | D:2      | Noticed Natasha
  1806 | D:2      | Killed Natasha
  1807 | D:2      | Reached XP level 4. HP: 31/33 MP: 4/8
  2098 | D:2      | Noticed Natasha
  2111 | D:2      | Killed Natasha
  2380 | D:3      | Found a shimmering blue altar of Sif Muna.
  2385 | D:3      | Learned a level 3 spell: Ozocubu's Armour
  2545 | D:3      | Reached XP level 5. HP: 38/38 MP: 4/10
  2841 | D:3      | Found a glowing silver altar of Zin.
  2841 | D:3      | Noticed an angel
  3252 | D:4      | Noticed an ogre
  3260 | D:4      | Killed an ogre
  3261 | D:4      | Reached XP level 6. HP: 45/45 MP: 2/12
  3516 | D:4      | Reached skill level 6 in Ice Magic
  3550 | D:4      | Noticed Edmund
  3566 | D:4      | Killed Edmund
  3757 | D:4      | Noticed Duvessa
  3764 | D:4      | Killed Duvessa
  3764 | D:4      | Noticed Dowan
  3765 | D:4      | Reached skill level 5 in Spellcasting
  3765 | D:4      | Your scales start taking on a dull iron-grey colour.
  3765 | D:4      | Reached XP level 7. HP: 35/50 MP: 4/14
  3797 | D:4      | Killed Dowan
  4554 | D:5      | Entered Level 5 of the Dungeon
  4554 | D:5      | Found a hide-covered altar of Uskayaw.
  4578 | D:5      | Found a runed translucent gate.
  4578 | D:5      | Found a runed translucent gate.
  4578 | D:5      | Found a runed translucent gate.
  4580 | D:5      | Found an opulent altar of Gozag.
  4730 | D:5      | Reached skill level 7 in Ice Magic
  4929 | D:5      | Found an ornate altar of the Wu Jian Council.
  5241 | D:5      | Found a staircase to the Ecumenical Temple.
  5252 | Temple   | Entered the Ecumenical Temple
  5295 | Temple   | Became a worshipper of Vehumet
  5444 | D:5      | Noticed AmberJosephineTwo's ghost (novice MeCK)
  5480 | D:5      | Learned a level 4 spell: Hailstorm
  5817 | D:6      | Reached XP level 8. HP: 57/57 MP: 16/18
  6226 | D:6      | Found Riazeukk's Assorted Antiques.
  6269 | D:6      | Reached skill level 8 in Ice Magic
  6776 | D:6      | Found a sparkling altar of Nemelex Xobeh.
  6914 | D:7      | Reached skill level 9 in Ice Magic
  7068 | D:7      | Reached * piety under Vehumet
  7068 | D:7      | Offered knowledge of Magic Dart by Vehumet.
  7086 | D:7      | Found a glowing silver altar of Zin.
  7114 | D:7      | Killed an unseen horror
  7115 | D:7      | Reached skill level 10 in Ice Magic
  7115 | D:7      | Reached XP level 9. HP: 17/62 MP: 3/19
  7385 | D:7      | Reached skill level 1 in Conjurations
  7499 | D:7      | Found a sand-covered staircase.
  7508 | Ossuary  | Entered an ossuary
  7892 | Ossuary  | Reached skill level 5 in Conjurations
  8142 | Ossuary  | Reached skill level 1 in Fighting
  8726 | D:7      | Reached skill level 5 in Fighting
  9235 | D:8      | Noticed Maurice
  9359 | D:8      | Killed Maurice
  9360 | D:8      | Reached XP level 10. HP: 74/81 MP: 14/20
  9458 | D:8      | Found a stormy altar of Qazlal.
  9596 | D:8      | Offered knowledge of Shock by Vehumet.
  9596 | D:8      | Reached ** piety under Vehumet
  9597 | D:8      | Reached skill level 5 in Dodging
 10351 | D:9      | Noticed a two-headed ogre
 10357 | D:9      | Killed a two-headed ogre
 10358 | D:9      | Reached skill level 11 in Ice Magic
 10524 | D:9      | Offered knowledge of Scorch by Vehumet.
 11045 | D:9      | Reached *** piety under Vehumet
 11638 | D:10     | Entered Level 10 of the Dungeon
 11638 | D:10     | Noticed a gargoyle
 11769 | D:10     | You fall into a shaft and drop 1 floor!
 11986 | D:11     | Found Wationlopt's Antique Armour Boutique.
 12014 | D:11     | Noticed a two-headed ogre
 12022 | D:11     | Reached XP level 11. HP: 62/86 MP: 2/21
 12024 | D:11     | Killed a two-headed ogre
 12025 | D:11     | Reached skill level 12 in Ice Magic
 12068 | D:11     | Killed from afar by an acid dragon

Illustrated notes

Levels and vault maps discovered:
D:1:      kennysheep_arrival_seaside, layout_basic,
          shapermc_ecumenical_altar_venn
D:2:      layout_loops_ring, corexii_shack, chequers_serial_rivers_large_b,
          lightli_corner_chamber, uniq_natasha
D:3:      minmay_angry_zag, layout_loops_cross, zin_angel,
          mainiacjoe_overflow_alcove_1, mainiacjoe_overflow_surrounded_room
D:4:      layout_loops_corners, minivault_24, dreamdust_mushroom_princess,
          hangedman_abyss_or_decor_stabs, grunt_ministairs_3,
          kennysheep_generic_room_10, uniq_edmund, uniq_duvessa
D:5:      layout_cave_pools, nicolae_wu_jian_immortal_techniques,
          overflow_temple_1_default, temple_hall, ebering_ghost_gozag,
          skrybe_limestone_x
D:6:      nicolae_BIG_FREAKIN_CUBE, layout_gridville,
          nemelex_xobeh_ov_fountains_minmay, serial_shops, shop
D:7:      layout_cave_pools, lightli_ossuary_entry_decrepit_ruins, serial_park,
          serial_park_square2, serial_park_tiny_1, serial_park_avenue1,
          kb_lookout_dungeons_type, chequers_arboretum, hangedman_glass_teeth
D:8:      layout_rooms, mainiacjoe_overflow_cross_hatched, uniq_maurice
D:9:      layout_grid_maze, minmay_misc_feat_secret_circle
D:10:     layout_irregular_city, lair_entry_dummy
D:11:     cheibrodos_helix_gallery, layout_long_grid, david_orc_3,
          nicolae_inconvenience_store
Temple:   regret_index_temple_waves

Skill      XL: |  1  2  3  4  5  6  7  8  9 10 11 |
---------------+----------------------------------+-----
Ice Magic      | 5 6 7 10 11 12 | 12.3
Spellcasting   | 3 4 5 6 7 |  7.0
Conjurations   | 5 |  5.2
Fighting       | 5 |  5.0
Dodging        | 4 7 |  7.1
Stealth        | |  1.7
Evocations     | |  0.1

Action                   |  1- 3 |  4- 6 |  7- 9 | 10-12 || total
-------------------------+-------+-------+-------+-------++-------
Melee: Unarmed           |    13 |     1 |       |       ||    14
       Punch             |     1 |     1 |     3 |     2 ||     7
       Tailslap          |     1 |       |    71 |     9 ||    81
       Dagger            |       |     5 |       |       ||     5
       Rapier            |       |       |   357 |    50 ||   407
 Cast: Freeze            |    44 |    43 |    25 |     5 ||   117
       Frozen Ramparts   |     2 |     9 |    51 |    18 ||    80
       Ozocubu's Armour  |       |     3 |    28 |    11 ||    42
       Hailstorm         |       |       |     5 |    31 ||    36
Evoke: Wand              |       |     1 |     1 |       ||     2
  Use: Potion            |       |       |       |     1 ||     1
 Stab: Invisible         |       |       |     1 |       ||     1
       Sleeping          |       |       |     1 |       ||     1
Armor: Skin              |    17 |     8 |   277 |    27 ||   329
Dodge: Dodged            |    28 |    20 |   285 |    50 ||   383

Table legend: (Time is in decaauts)
 A = Elapsed time spent in this place.
 B = Non-inter-level travel time spent in this place.
 C = Inter-level travel time spent in this place.
 D = Time resting spent in this place.
 E = Time spent auto-exploring this place.
 F = Levels seen in this place.
 G = Mean time per level.
                   A        B        C        D        E       F      G
               +--------+--------+--------+--------+--------+-----+--------+
         Total |  12185 |  11507 |    678 |    244 |   9480 |  13 |  937.3 |
       Dungeon |  10845 |  10201 |    644 |     22 |   8834 |  11 |  985.9 |
        Temple |     76 |     43 |     33 |      0 |     33 |   1 |   76.0 |
       Ossuary |   1263 |   1263 |      0 |    222 |    613 |   1 | 1263.0 |
               +--------+--------+--------+--------+--------+-----+--------+

Top non-repeatable levels by time:
     D:9: 1959 daAuts
     D:4: 1500 daAuts
     D:2: 1402 daAuts
     D:6: 1384 daAuts
 Ossuary: 1263 daAuts
     D:7: 901 daAuts
     D:1: 846 daAuts
     D:5: 844 daAuts
     D:3: 837 daAuts
     D:8: 787 daAuts
    D:11: 300 daAuts
    D:10: 82 daAuts
  Temple: 76 daAuts
